 Dungeon Crawl Stone Soup version 0.30-a0-310-g7d6cbdfea6 (webtiles) character file.

Game seed: 6973944372710173974

37 Low2 the Chopper (level 3, -1/37 HPs)
             Began as an Ogre Gladiator on Oct 25, 2022.
             Slain by an orc
             ... wielding a +1 flail of protection
              (3 damage)
             ... on level 3 of the Dungeon.
             The game lasted 00:04:46 (736 turns).

Low2 the Chopper (Ogre Gladiator)                    Turns: 736, Time: 00:04:47

Health: -1/37      AC:  4    Str: 24    XL:     3   Next: 39%
Magic:  3/3        EV: 10    Int:  9    God:
Gold:   128        SH:  0    Dex: 12    Spells: 2/2 levels left

rFire   . . .      SeeInvis .    n - +4 dagger
rCold   . . .      Faith    .    (no shield)
rNeg    . . .      Spirit   .    b - +1 robe
rPois   .          Reflect  .    c - +0 hat
rElec   .          Harm     .    (no cloak)
rCorr   .          Rampage  .    (gloves unavailable)
Will    .....                    (boots unavailable)
Stlth   +.........               (no amulet)
HPRegen 0.26/turn                o - +6 ring of strength
MPRegen 0.08/turn                (no ring)

@: no status effects
A: large, unfitting armour, tough skin 1
a: no special abilities


You were on level 3 of the Dungeon.
You visited 1 branch of the dungeon, and saw 3 of its levels.

You collected 128 gold pieces.

Inventory:

Hand Weapons
 a - a +0 war axe
 n - a +4 dagger (weapon)
Missiles
 e - a large rock (quivered)
 i - 24 stones
Armour
 b - a +1 robe (worn)
 c - a +0 hat (worn)
Magical Staves
 m - a staff of earth
Jewellery
 o - a +6 ring of strength (left hand)
Scrolls
 f - a scroll of enchant armour
 h - a scroll of amnesia {unknown}
 j - a scroll of blinking {unknown}
 k - a scroll of poison {unknown}
 l - a scroll of teleportation {unknown}
 q - a scroll of identify {unknown}
Potions
 g - 3 potions of curing {unknown}
 p - a potion of attraction {unknown}


   Skills:
 + Level 3.1 Fighting
 + Level 3.7 Axes
 + Level 2.1 Throwing
 + Level 3.1 Dodging


You had 2 spell levels left.
You didn't know any spells.
Your spell library was empty.

Dungeon Overview and Level Annotations

Branches:
Dungeon (3/15)

Altars:


Innate Abilities, Weirdness & Mutations

You are too large for most types of armour.
You have tough skin. (AC +1)


Message History

The orc attacks as you move away! The orc misses you.
The orc shouts!
The bat closely misses you.
There are no items here.
Throw: 2 throwing nets
Press: ? - help, Q - select action, (/) - cycle Shift-Dir - straight line, f - bat
Aim: a bat (44% to hit)
You throw a throwing net. The throwing net barely misses the bat.
The bat hits you but does no damage.
Throw: throwing net
Press: ? - help, Q - select action, (/) - cycle Shift-Dir - straight line, f/p - bat
Aim: a bat (44% to hit)
You throw a throwing net. The throwing net hits the orc.
The orc is caught in the net!
The bat hits you but does no damage.
The orc struggles against the net.
You hit the orc.
The orc is severely wounded.
The bat hits you but does no damage.
The orc struggles against the net.
The orc barely misses you.
You hit the orc.
The orc is almost dead.
The bat barely misses you. The orc misses you. The orc barely misses you.
The orc struggles against the net.
You catch the helpless orc completely off-guard!
You hit the orc.
You kill the orc!
The orc hits you with a +0 mace! The orc barely misses you.
The orc hits you with a +1 flail of protection.
The bat hits you but does no damage.
You barely miss the bat. The bat hits you. The orc hits you with a +0 mace.
The orc hits you with a +0 hand axe.
The orc hits you with a +1 flail of protection!
* * * LOW HITPOINT WARNING * * *
As you read the scroll labelled DUGAYJ ZEAKHLA, it crumbles to dust.
It is a scroll of enchant armour.
Your +0 robe glows green for a moment.
The orc hits you with a +0 mace.
* * * LOW HITPOINT WARNING * * *
The orc completely misses you. The orc misses you.
The orc hits you with a +1 flail of protection.
You die...

#.###..#####.#
#............#
#####...††..###
............#
............#
#####.......#
............#
#######b....#
......o@....#
######ooo...#
#..[(.....
...#..##.##
...## ..# ..#
#.... ... ..
#... =.#. #...
..##. #.. ...
..


You could see 4 orcs and a bat.

Vanquished Creatures
  An orc (D:3)
  An endoplasm (D:1)
  A giant cockroach (D:1)
  A goblin (D:1)
  4 hobgoblins (D:1)
  7 jackals
  2 quokkas (D:1)
  4 ball pythons
  A bat (D:1)
  3 frilled lizards
  4 kobolds
  3 rats
32 creatures vanquished.

Vanquished Creatures (others)
  18 plants (D:1)
18 creatures vanquished.

Grand Total: 50 creatures vanquished

Notes
Turn   | Place    | Note
-------+----------+-------------------------------------------
     0 | D:1      | Low2 the Ogre Gladiator began the quest for the Orb.
     0 | D:1      | Reached XP level 1. HP: 22/22 MP: 1/1
   161 | D:1      | Reached XP level 2. HP: 29/29 MP: 2/2
   392 | D:1      | Reached XP level 3. HP: 37/37 MP: 3/3
   736 | D:3      | Slain by an orc

Illustrated notes

Levels and vault maps discovered:
D:1:      lemuel_arrival_river_ford, layout_rooms, serial_bayou,
          serial_bayou_crossing, serial_bayou_lake_a, serial_bayou_lagoon_a,
          serial_bayou_ford_a, serial_bayou_pond_c, minmay_tetromino_i4
D:2:      layout_loops_ring, minmay_box_of_dots, uniq_sigmund
D:3:      layout_basic, kennysheep_slug_shrine, gammafunk_temple_overflow_claw,
          serial_co_window_serial, co_window_of_opportunity_a,
          co_window_paths_a, co_window_corner_a, co_window_paths_a,
          co_window_corner_a, co_window_corner_ca, co_window_corner_b,
          co_window_of_opportunity_c, co_window_2corner, co_window_corner_cb,
          ebering_ecumenical_altar_box, minmay_misc_feat_diagonals

Skill      XL: |  1  2 |
---------------+-------+-----
Dodging        | 3 |  3.1
Fighting       | 3 |  3.1
Axes           | |  3.7
Throwing       | |  2.1

Action                   || total
-------------------------++-------
Melee: War axe           ||    56
       Dagger            ||    26
Throw: Throwing net      ||     3
  Use: Scroll            ||     1
 Stab: Held in net/web   ||     1
Armor: Robe              ||    28
Dodge: Dodged            ||    66

Table legend: (Time is in decaauts)
 A = Elapsed time spent in this place.
 B = Non-inter-level travel time spent in this place.
 C = Inter-level travel time spent in this place.
 D = Time resting spent in this place.
 E = Time spent auto-exploring this place.
 F = Levels seen in this place.
 G = Mean time per level.
                   A        B        C        D        E       F      G
               +--------+--------+--------+--------+--------+-----+--------+
         Total |    766 |    766 |      0 |     27 |      0 |   3 |  255.3 |
       Dungeon |    766 |    766 |      0 |     27 |      0 |   3 |  255.3 |
               +--------+--------+--------+--------+--------+-----+--------+

Top non-repeatable levels by time:
     D:1: 444 daAuts
     D:2: 278 daAuts
     D:3: 43 daAuts
